 Dungeon Crawl Stone Soup version 0.27-a0-604-g29a88b33a7 (webtiles) character file.

Game seed: 4704044062196171670

247 ReteAZ the Charlatan (level 6, -1/50 HPs)
             Began as a Gnoll Wanderer on Mar 12, 2021.
             Slain by an ogre
             ... wielding a +0 giant club
              (14 damage)
             ... on level 4 of the Dungeon.
             The game lasted 00:04:11 (4463 turns).

ReteAZ the Charlatan (Gnoll Wanderer)               Turns: 4463, Time: 00:04:11

Health: -1/50      AC: 10    Str: 12    XL:     6   Next: 11%
Magic:  11/11      EV: 12    Int: 17    God:
Gold:   190        SH:  0    Dex: 13    Spells: 11/11 levels left

rFire    . . .     SeeInvis .   o - +0 dagger (venom)
rCold    . . .     Faith    .   (no shield)
rNeg     . . .     Spirit   .   k - +0 leather armour
rPois    .         Reflect  .   j - +0 helmet
rElec    .         Harm     .   m - +0 cloak
rCorr    .         Rampage  .   r - +0 pair of gloves
Will     .....                  (no boots)
Stlth    ++........             n - amulet of regeneration
HPRegen  1.16/turn              c - +6 ring of intelligence
MPRegen  0.12/turn              y - +4 ring of protection

@: no status effects
A: fangs 1, strong nose, distributed training
a: no special abilities


You were on level 4 of the Dungeon.
You visited 1 branch of the dungeon, and saw 4 of its levels.

You collected 190 gold pieces.

Inventory:

Hand Weapons
 a - a +0 short sword
 o - a +0 dagger of venom (weapon)
 x - a +1 whip of freezing
Missiles
 q - 16 javelins
 s - 23 poisoned darts (quivered)
Armour
 d - a +0 robe
 j - a +0 helmet (worn)
 k - a +0 leather armour (worn)
 m - a +0 cloak (worn)
 r - a +0 pair of gloves (worn)
 E - a +1 helmet
Jewellery
 c - a +6 ring of intelligence (right hand)
 f - an amulet of the acrobat
 n - an amulet of regeneration (around neck)
 y - a +4 ring of protection (left hand)
 D - a ring of fire
Wands
 v - a wand of polymorph (5)
 A - a wand of random effects (7)
Scrolls
 b - 4 scrolls of teleportation
 e - 4 scrolls of identify {unknown}
 g - a scroll of enchant weapon {unknown}
 h - 2 scrolls of amnesia {unknown}
 i - a scroll of random uselessness {unknown}
 t - a scroll of magic mapping {unknown}
Potions
 l - 2 potions of lignification {unknown}
 p - a potion of berserk rage {unknown}
 u - 2 potions of mutation {unknown}
 w - 2 potions of magic {unknown}
 z - 2 potions of attraction {unknown}
 B - a potion of heal wounds {unknown}
 C - a potion of curing {unknown}


   Skills:
 + Level 4.9 Fighting
 + Level 4.9 Short Blades
 + Level 1.8 Long Blades
 + Level 1.8 Axes
 + Level 1.8 Maces & Flails
 + Level 1.8 Polearms
 + Level 1.8 Staves
 + Level 1.8 Slings
 + Level 1.8 Bows
 + Level 1.8 Crossbows
 + Level 1.8 Throwing
 + Level 1.8 Armour
 + Level 3.1 Dodging
 + Level 1.8 Stealth
 + Level 1.8 Shields
 + Level 1.8 Unarmed Combat
 + Level 3.3 Spellcasting
 + Level 1.4 Conjurations
 + Level 1.4 Hexes
 + Level 1.4 Summonings
 + Level 1.4 Necromancy
 + Level 4.0 Translocations
 + Level 1.4 Transmutations
 + Level 1.4 Fire Magic
 + Level 1.4 Ice Magic
 + Level 1.4 Air Magic
 + Level 1.4 Earth Magic
 + Level 1.4 Poison Magic
 + Level 2.0 Invocations
 + Level 4.9 Evocations


You had 11 spell levels left.
You didn't know any spells.
Your spell library contained the following spells:

 Spells                   Type           Power      Damage    Failure   Level
 Blink                    Tloc           N/A        N/A       6%          2
 Gell's Gravitas          Tloc           8%         N/A       12%         3
 Lesser Beckoning         Tloc           8%         N/A       12%         3
 Teleport Other           Tloc           16%        N/A       12%         3
 Manifold Assault         Tloc           16%        N/A       36%         4


Dungeon Overview and Level Annotations

Branches:
Dungeon (4/15)
 Temple: D:4-7

Altars:


Innate Abilities, Weirdness & Mutations

You have very sharp teeth.
Your uncanny sense of smell can sniff out nearby items.
Your experience applies equally to all skills.


Message History

A phantom comes into view.
An ogre comes into view. It is wielding a +0 giant club.
You see here a +1 helmet.
E - a +1 helmet You hit the phantom.
The phantom is lightly damaged.
The phantom hits you but does no damage.
You hit the phantom but do no damage. You bite the phantom, but do no damage.
The phantom is lightly damaged.
You barely miss the phantom.
The phantom is lightly damaged.
The phantom hits you but does no damage.
You barely miss the phantom.
The phantom is lightly damaged.
The phantom barely misses you.
You hit the phantom.
The phantom is lightly damaged.
The phantom closely misses you.
You hit the phantom but do no damage.
The phantom is lightly damaged.
The phantom closely misses you.
You barely miss the phantom. You bite the phantom, but do no damage.
The phantom is lightly damaged.
You hit the phantom but do no damage.
The phantom is lightly damaged.
The phantom hits you but does no damage.
The ogre hits you with a +0 giant club!
You hit the phantom.
The phantom is lightly damaged.
The phantom barely misses you.
You miss the phantom.
The phantom is lightly damaged.
The ogre hits you with a +0 giant club!!
Ouch! That really hurt!
* * * LOW HITPOINT WARNING * * *
The phantom hits you but does no damage.
You hit the phantom but do no damage.
The phantom is lightly damaged.
The ogre hits you with a +0 giant club!
You die...

∆ .# #. . ..O #.#. #..
#... .. ..# #.#######
... #...O@W<#
#.######### #.#####.#
#.#.......# ..
#.####.#..###..# #.
#.....#...###..# #
#.##.###.......)
#.###.#...###..#
.W......####(#..###..#
#..#.#####......†....#
.. #.#.###.#####


You could see a phantom and an ogre.

Vanquished Creatures
  Natasha (thrice) (D:2)
  A worker ant (D:4)
  6 adders
  3 worms (D:2)
  3 dart slugs
  2 leopard geckos
  8 orcs
  2 giant cockroaches (D:3)
  3 goblins
  9 hobgoblins
  7 jackals
  2 quokkas
  3 ball pythons
  7 bats
  A frilled lizard (D:2)
  5 kobolds
  8 rats
73 creatures vanquished.

Notes
Turn   | Place    | Note
-------+----------+-------------------------------------------
     0 | D:1      | ReteAZ the Gnoll Wanderer began the quest for the Orb.
     0 | D:1      | ReteAZ set off with the following items: a +0 short sword,
                  | a scroll of teleportation, a +0 robe; and the following
                  | spells available to memorise: Blink, Gell's Gravitas,
                  | Lesser Beckoning, Teleport Other, Manifold Assault
     0 | D:1      | Reached XP level 1. HP: 20/20 MP: 4/4
   364 | D:1      | Reached XP level 2. HP: 24/26 MP: 5/5
  1260 | D:2      | Noticed Natasha
  1277 | D:2      | Noticed a crimson imp
  1279 | D:2      | Killed Natasha
  1280 | D:2      | Reached skill level 1 in Invocations
  1280 | D:2      | Reached XP level 3. HP: 18/31 MP: 7/7
  1470 | D:2      | Reached skill level 1 in Long Blades
  1470 | D:2      | Reached skill level 1 in Axes
  1470 | D:2      | Reached skill level 1 in Maces & Flails
  1470 | D:2      | Reached skill level 1 in Polearms
  1470 | D:2      | Reached skill level 1 in Staves
  1470 | D:2      | Reached skill level 1 in Slings
  1470 | D:2      | Reached skill level 1 in Bows
  1470 | D:2      | Reached skill level 1 in Crossbows
  1470 | D:2      | Reached skill level 1 in Throwing
  1470 | D:2      | Reached skill level 1 in Armour
  1470 | D:2      | Reached skill level 1 in Stealth
  1470 | D:2      | Reached skill level 1 in Shields
  1470 | D:2      | Reached skill level 1 in Unarmed Combat
  1631 | D:2      | Reached XP level 4. HP: 33/38 MP: 8/8
  2223 | D:2      | Noticed Natasha
  2234 | D:2      | Killed Natasha
  2235 | D:2      | Reached skill level 1 in Conjurations
  2235 | D:2      | Reached skill level 1 in Hexes
  2235 | D:2      | Reached skill level 1 in Summonings
  2235 | D:2      | Reached skill level 1 in Necromancy
  2235 | D:2      | Reached skill level 1 in Transmutations
  2235 | D:2      | Reached skill level 1 in Fire Magic
  2235 | D:2      | Reached skill level 1 in Ice Magic
  2235 | D:2      | Reached skill level 1 in Air Magic
  2235 | D:2      | Reached skill level 1 in Earth Magic
  2235 | D:2      | Reached skill level 1 in Poison Magic
  2563 | D:2      | Reached XP level 5. HP: 39/43 MP: 9/9
  2883 | D:2      | Noticed Natasha
  2895 | D:2      | Killed Natasha
  4242 | D:3      | Reached XP level 6. HP: 50/50 MP: 10/10
  4463 | D:4      | Slain by an ogre

Illustrated notes

Levels and vault maps discovered:
D:1:      enne_arrival_octagon_isle, layout_rooms
D:2:      layout_basic, kennysheep_cross_room, minmay_misc_feat_rows,
          uniq_natasha
D:3:      layout_rooms, minmay_between
D:4:      layout_loops_cross, chequers_temple_overflow_minitemple,
          grunt_temple_overflow_open, gammafunk_ghost_mausoleum,
          kennysheep_generic_room_12

Skill      XL: |  1  2  3  4  5  6 |
---------------+-------------------+-----
Invocations    | 1 2 |  2.0
Long Blades    | 1 |  1.8
Axes           | 1 |  1.8
Maces & Flails | 1 |  1.8
Polearms       | 1 |  1.8
Staves         | 1 |  1.8
Slings         | 1 |  1.8
Bows           | 1 |  1.8
Crossbows      | 1 |  1.8
Throwing       | 1 |  1.8
Armour         | 1 |  1.8
Stealth        | 1 |  1.8
Shields        | 1 |  1.8
Unarmed Combat | 1 |  1.8
Spellcasting   | 3 |  3.3
Conjurations   | 1 |  1.4
Hexes          | 1 |  1.4
Summonings     | 1 |  1.4
Necromancy     | 1 |  1.4
Transmutations | 1 |  1.4
Fire Magic     | 1 |  1.4
Ice Magic      | 1 |  1.4
Air Magic      | 1 |  1.4
Earth Magic    | 1 |  1.4
Poison Magic   | 1 |  1.4
Dodging        | 3 |  3.1
Translocations | 4 |  4.0
Fighting       | |  4.9
Short Blades   | |  4.9
Evocations     | |  4.9

Action                   |  1- 3 |  4- 6 || total
-------------------------+-------+-------++-------
Melee: Short sword       |   116 |       ||   116
       Bite              |    12 |    21 ||    33
       Dagger            |     7 |   219 ||   226
       Unarmed           |       |     2 ||     2
Throw: Dart              |       |     2 ||     2
 Stab: Sleeping          |       |     3 ||     3
Armor: Robe              |    12 |       ||    12
       Leather armour    |     6 |    61 ||    67
Dodge: Dodged            |    83 |   136 ||   219

Table legend: (Time is in decaauts)
 A = Elapsed time spent in this place.
 B = Non-inter-level travel time spent in this place.
 C = Inter-level travel time spent in this place.
 D = Time resting spent in this place.
 E = Time spent auto-exploring this place.
 F = Levels seen in this place.
 G = Mean time per level.
                   A        B        C        D        E       F      G
               +--------+--------+--------+--------+--------+-----+--------+
         Total |   4394 |   4332 |     62 |    578 |   3078 |   4 | 1098.5 |
       Dungeon |   4394 |   4332 |     62 |    578 |   3078 |   4 | 1098.5 |
               +--------+--------+--------+--------+--------+-----+--------+

Top non-repeatable levels by time:
     D:2: 2767 daAuts
     D:1: 1071 daAuts
     D:3: 481 daAuts
     D:4: 73 daAuts
